 Dungeon Crawl Stone Soup version 0.31-a0-618-g7ca08c1ff9 (webtiles) character file.

Game seed: 7427269749044132022

107 Newt the Shooter (level 5, -9/33 HPs)
             Began as a Kobold Hunter on Aug 22, 2023.
             Was an Initiate of Okawaru.
             Killed by nerve-wracking pain
             ... invoked by Grinder
              (11 damage)
             ... on level 4 of the Dungeon.
             The game lasted 00:03:39 (2726 turns).

Newt the Shooter (Kobold Hunter)                    Turns: 2726, Time: 00:03:40

Health: -9/33      AC:  6    Str:  8    XL:     5   Next: 10%
Magic:  5/5        EV: 14    Int: 11    God:    Okawaru [......]
Gold:   91         SH:  0    Dex: 20    Spells: 4/4 levels left

rFire   . . .        a - +0 shortbow (elec)
rCold   . . .        (shield currently unavailable)
rNeg    . . .        c - +0 leather armour
rPois   .            (no helmet)
rElec   .            p - +0 cloak
rCorr   .            (no gloves)
SInv    .            k - +1 pair of boots
Will    .....        (no amulet)
Stlth   +++          (no ring)
HPRegen 0.25/turn    (no ring)
MPRegen 0.09/turn

%: no passive effects
@: hasted, very quick
A: small, no large weapons, nightstalker 3
a: Renounce Religion


You were on level 4 of the Dungeon.
You worshipped Okawaru.
Okawaru was noncommittal.
You visited 1 branch of the dungeon, and saw 4 of its levels.

You collected 91 gold pieces.

Inventory:

Hand Weapons
 a - a +0 shortbow of electrocution (weapon)
Armour
 c - a +0 leather armour (worn)
 k - a +1 pair of boots (worn)
 p - a +0 cloak (worn)
Wands
 n - a wand of polymorph (3)
 t - a wand of iceblast (6)
Scrolls
 b - a scroll of butterflies
 h - a scroll of blinking
 i - a scroll of noise
 m - 2 scrolls of immolation
Potions
 j - 2 potions of curing
 l - a potion of degeneration {unknown}
 o - a potion of berserk rage {unknown}
 q - a potion of brilliance {unknown}
 r - a potion of invisibility {unknown}
 s - a potion of attraction {unknown}


   Skills:
 - Level 4.0 Fighting
 + Level 6.8 Ranged Weapons
 - Level 2.4 Dodging
 - Level 1.3 Stealth


You had 4 spell levels left.
You didn't know any spells.
Your spell library contained the following spells:

 Spells                   Type           Power      Damage    Failure   Level
 Blink                    Tloc           0%         N/A       61%         2
 Sublimation of Blood     Necr           0%         N/A       61%         2
 Wereblood                Tmut           0%         N/A       61%         2
 Ozocubu's Armour         Ice            0%         N/A       83%         3
 Manifold Assault         Tloc           0%         N/A       99%         4
 Metabolic Englaciation   Hex/Ice        0%         N/A       100%        5
 Simulacrum               Ice/Necr       Unusable   N/A       N/A         6
 Summon Hydra             Summ           Unusable   N/A       N/A         7

Dungeon Overview and Level Annotations

Branches:
Dungeon (4/15)             Temple (0/1) D:4

Altars:
Cheibriados
Okawaru

Shops:
D:1 (

Annotations:
D:4 4 runed translucent doors, Grinder


Innate Abilities, Weirdness & Mutations

You are small and have problems with some larger weapons.
You are completely attuned to the shadows.


Message History

You shoot an arrow.
The arrow hits Grinder but does no damage.
Grinder is heavily wounded.
Grinder gestures at you. You resist with significant effort.
Unknown command.
You shoot an arrow. The arrow barely misses Grinder.
Grinder closely misses you.
Unknown command.
You shoot an arrow. The arrow closely misses Grinder.
Grinder gestures at you. Pain shoots through your body!
Unknown command.
You shoot an arrow. The arrow closely misses Grinder.
Grinder hits you.
* * * LOW HITPOINT WARNING * * *
Unknown command.
Unknown command.
You feel yourself speed up. Grinder misses you.
You shoot an arrow. The arrow hits Grinder.
Grinder is severely wounded.
Grinder hits you but does no damage.
You shoot an arrow. The arrow hits Grinder.
Grinder is severely wounded.
Grinder hits you but does no damage.
You shoot an arrow. The arrow completely misses Grinder.
Grinder completely misses you.
You shoot an arrow. The arrow barely misses Grinder.
Grinder misses you.
You shoot an arrow. The arrow barely misses Grinder.
You shoot an arrow. The arrow hits Grinder!
Grinder is almost dead.
Grinder hits you!
* * * LOW HITPOINT WARNING * * *
You writhe in agony.
* * * LOW HITPOINT WARNING * * *
You shoot an arrow. The arrow hits Grinder.
Grinder is almost dead.
Grinder gestures at you. Pain shoots through your body!
You die...
Grinder says, "Now the real fun starts!"

##.#### ###.###..##.
#..## #####.#...##
##..######...<.#.###
##....##..#.....#
####.....#.#####
###......## #
###<..###...# .. °#
#......##...###...
.###.#.....#.#..@5...
.#...................
.8[.............##...
...##..........## ...
.8####.......### ##
.## ##>....### .#
#.......# .#
#.......# .#
#..†....#


You could see Grinder.

Vanquished Creatures
  3 adders (D:2)
  3 worms
  A dart slug (D:3)
  An orc (D:3)
  8 endoplasms
  4 giant cockroaches
  3 goblins
  3 hobgoblins
  3 jackals (D:3)
  9 kobolds
  4 quokkas
  6 ball pythons
  7 bats
  8 frilled lizards
  4 rats
67 creatures vanquished.

Notes
Turn   | Place    | Note
-------+----------+-------------------------------------------
     0 | D:1      | Newt the Kobold Hunter began the quest for the Orb.
     0 | D:1      | Reached XP level 1. HP: 12/12 MP: 1/1
    84 | D:1      | Reached XP level 2. HP: 8/18 MP: 2/2
   561 | D:1      | Reached XP level 3. HP: 23/23 MP: 3/3
   562 | D:1      | You fall into a shaft and drop 1 floor!
   844 | D:1      | Found Dariagyoty's Weapon Emporium.
  1419 | D:2      | Reached XP level 4. HP: 29/29 MP: 4/4
  1456 | D:2      | Reached skill level 6 in Ranged Weapons
  1598 | D:2      | Found an iron altar of Okawaru.
  1765 | D:2      | Became a worshipper of Warmaster Okawaru
  1959 | D:3      | Found a snail-covered altar of Cheibriados.
  1997 | D:3      | Reached XP level 5. HP: 33/33 MP: 5/5
  2553 | D:4      | Found a staircase to the Ecumenical Temple.
  2616 | D:4      | Found a large runed translucent door.
  2617 | D:4      | Found a large runed translucent door.
  2621 | D:4      | Found a large runed translucent door.
  2627 | D:4      | Found a large runed translucent door.
  2709 | D:4      | Noticed Grinder
  2713 | D:4      | Paralysed by Grinder for 2 turns
  2726 | D:4      | Killed from afar by Grinder

Illustrated notes

Levels and vault maps discovered:
D:1:      giann_wishing_wells, layout_loops_corners, serial_shops,
          nicolae_shop_just_a_little_nook, minmay_pentomino_v4
D:2:      layout_rooms, basic_altar, feat_on_display
D:3:      layout_rooms, mainiacjoe_overflow_24_doors, serial_curves,
          eino_curves_04, eino_curves_01, eino_curves_02, kennysheep_minor_cross
D:4:      layout_rooms, lemuel_crystal_altar, lemuel_temple_firewalk_a,
          minmay_hollow_rounded_squares, uniq_grinder

Skill      XL: |  1  2  3  4 |
---------------+-------------+-----
Fighting       | 3 4 |  4.0
Ranged Weapons | 6 |  6.8
Dodging        | |  2.4
Stealth        | |  1.3

Action                     |  1- 3 |  4- 6 || total
---------------------------+-------+-------++-------
   Fire: Shortbow          |    76 |    84 ||   160
    Use: Scroll            |       |     7 ||     7
         Potion            |       |     2 ||     2
 Armour: Leather armour    |     3 |    21 ||    24
  Dodge: Dodged            |    15 |    44 ||    59

Table legend: (Time is in decaauts)
 A = Elapsed time spent in this place.
 B = Non-inter-level travel time spent in this place.
 C = Inter-level travel time spent in this place.
 D = Time resting spent in this place.
 E = Time spent auto-exploring this place.
 F = Levels seen in this place.
 G = Mean time per level.
                   A        B        C        D        E       F      G
               +--------+--------+--------+--------+--------+-----+--------+
         Total |   2746 |   2574 |    172 |     34 |   2210 |   4 |  686.5 |
       Dungeon |   2746 |   2574 |    172 |     34 |   2210 |   4 |  686.5 |
               +--------+--------+--------+--------+--------+-----+--------+

Top non-repeatable levels by time:
     D:1: 1079 daAuts
     D:2: 729 daAuts
     D:3: 723 daAuts
     D:4: 214 daAuts
